 Dungeon Crawl Stone Soup version 0.20.0-15-g7f486f2 (webtiles) character file.

482 mcbry the Ruffian (level 6, -1/61 HPs)
             Began as a Troll Monk on June 18, 2017.
             Slain by Pikel
             ... wielding a +2 whip of flaming
              (3 damage)
             ... on level 4 of the Dungeon.
             The game lasted 00:10:53 (2279 turns).

mcbry the Ruffian (Troll Monk)                      Turns: 2279, Time: 00:10:54

Health: -1/61      AC:  5    Str: 22    XL:     6   Next: 87%
Magic:  5/5        EV: 10    Int:  6    God:
Gold:   176        SH:  0    Dex: 12    Spells: 5/5 levels left

rFire    . . .     SeeInvis .     - Unarmed
rCold    . . .     Gourm    +   (no shield)
rNeg     . . .     Faith    .   a - +0 robe
rPois    .         Spirit   .   (helmet restricted)
rElec    .         Reflect  .   (no cloak)
rCorr    .         Harm     .   (gloves unavailable)
MR       .....                  (boots unavailable)
Stlth    +.........             (no amulet)
Regen    0.6/turn               (no ring)
MPRegen  0.1/turn               (no ring)

@: very slightly contaminated, drained, invisible
A: unfitting armour, claws 3, fast metabolism 3, gourmand, regeneration 1,
shaggy fur 1, tough skin 2
a: no special abilities


You were on level 4 of the Dungeon.
You were full.

You visited 1 branch of the dungeon, and saw 4 of its levels.

You collected 176 gold pieces.

Inventory:

Missiles
 i - 4 large rocks
 k - 113 stones (quivered)
Armour
 a - a +0 robe (worn)
Wands
 c - a wand of polymorph (2/24)
Scrolls
 e - a scroll of magic mapping {unknown}
 f - a scroll of random uselessness {unknown}
 h - 2 scrolls of remove curse {unknown}
 j - a scroll of noise {unknown}
 l - a scroll of amnesia {unknown}
 n - a scroll of blinking {unknown}
 q - 2 scrolls of enchant armour {unknown}
 r - 2 scrolls of teleportation {unknown}
 v - a scroll of identify {unknown}
 w - a scroll of recharging {unknown}
Potions
 d - a potion of cancellation {unknown}
 m - a potion of heal wounds {unknown}
 o - 2 potions of curing
 p - a potion of invisibility
 s - a potion of might {unknown}
 t - a potion of berserk rage {unknown}
 u - a potion of ambrosia {unknown}
Comestibles
 b - 5 bread rations
 g - a royal jelly


   Skills:
 + Level 3.2(2.7) Fighting
 + Level 1.1(0.7) Throwing
 - Level 2.4(1.9) Dodging
 - Level 1.0(0.5) Stealth
 * Level 7.2(6.6) Unarmed Combat


You had 5 spell levels left.
You didn't know any spells.

Dungeon Overview and Level Annotations

Branches:
Dungeon (4/15)
 Temple: D:4-7

Altars:
Trog
The Shining One

Annotations:
D:3 1 runed door
D:4 Pikel


Innate Abilities, Weirdness & Mutations

You are too large for most types of armour.
You have claws for hands.
Your metabolism is lightning-fast.
You like to eat raw meat.
Your natural rate of healing is unusually fast.
You are covered in fur. (AC +1)
You have very tough skin. (AC +2)


Message History

You scratch the centaur skeleton.
The centaur skeleton is moderately damaged.
The slave hits you but does no damage.
The centaur skeleton closely misses you.
You scratch the centaur skeleton.
The centaur skeleton is heavily damaged.
The slave barely misses you.
The centaur skeleton closely misses you.
You claw the centaur skeleton!
You destroy the centaur skeleton!
The slave closely misses you.
You claw Pikel!
Pikel is moderately wounded.
Pikel completely misses you. The slave closely misses you.
You closely miss Pikel.
Pikel is moderately wounded.
Pikel hits you with a whip of flaming!
* * * LOW HITPOINT WARNING * * *
Pikel burns you.
You die...

..p. #.p. #..######
#...K@pp# .....####.#
####.# #.# #.# #.#
#.# #.#########)#
##.## #.##.†....p)#
#...#
#.##.##########...###
#.##.#
#.......#########
#.##.#####
#<..............#


You could see Pikel and 2 slaves.

Vanquished Creatures
  Sigmund (D:2)
  2 slaves (D:4)
  A bullfrog (D:3)
  A scorpion (D:4)
  A centaur skeleton (D:4)
  Jessica (D:2)
  Terence (D:2)
  2 worker ants (D:4)
  3 adders
  An ooze (D:1)
  2 worms (D:2)
  2 dart slugs
  4 leopard geckos
  2 orcs (D:3)
  7 bats
  5 giant cockroaches
  7 goblins
  3 hobgoblins (D:1)
  4 jackals (D:3)
  4 kobolds
  A quokka (D:3)
  4 frilled lizards
  3 rats
62 creatures vanquished.

Notes
Turn   | Place    | Note
-------+----------+-------------------------------------------
     0 | D:1      | mcbry the Troll Monk began the quest for the Orb.
     0 | D:1      | Reached XP level 1. HP: 22/22 MP: 0/0
   137 | D:1      | Reached XP level 2. HP: 24/29 MP: 1/1
   744 | D:2      | Reached XP level 3. HP: 36/36 MP: 2/2
   745 | D:2      | Noticed Terence
   748 | D:2      | Killed Terence
   748 | D:2      | Reached skill level 4 in Unarmed Combat
   749 | D:2      | Noticed Sigmund
   757 | D:2      | Found a bloodstained altar of Trog.
   810 | D:2      | Killed Sigmund
   810 | D:2      | Reached skill level 5 in Unarmed Combat
   810 | D:2      | Reached XP level 4. HP: 26/45 MP: 3/3
   810 | D:2      | Reached XP level 5. HP: 31/53 MP: 4/4
   976 | D:2      | Noticed Jessica
  1129 | D:2      | Killed Jessica
  1129 | D:2      | Reached skill level 6 in Unarmed Combat
  1535 | D:3      | Reached XP level 6. HP: 59/61 MP: 5/5
  1620 | D:3      | Found a glowing golden altar of the Shining One.
  1621 | D:3      | Found a runed door.
  1621 | D:3      | Noticed an angel
  2100 | D:4      | Reached skill level 7 in Unarmed Combat
  2188 | D:4      | Reached skill level 1 in Throwing
  2226 | D:4      | Noticed a slave
  2226 | D:4      | Noticed a slave
  2226 | D:4      | Noticed a slave
  2253 | D:4      | Noticed a slave
  2258 | D:4      | Killed a slave
  2261 | D:4      | Noticed Pikel
  2274 | D:4      | Killed a slave
  2279 | D:4      | HP: 2/61 [Pikel/whip of flaming (7)]
  2279 | D:4      | Slain by Pikel

Skill      XL: |  1  2  3  4  5  6 |
---------------+-------------------+-----
Unarmed Combat | 5 6 7 |  7.2
Fighting       | 3 |  3.2
Throwing       | 1 |  1.1
Dodging        | |  2.4
Stealth        | |  1.0

Action                   |  1- 3 |  4- 6 || total
-------------------------+-------+-------++-------
Melee: Unarmed           |    62 |   112 ||   174
       Punch             |     1 |       ||     1
Throw: Large rock        |     5 |       ||     5
       Stone             |       |    30 ||    30
  Use: Potion            |       |     2 ||     2
 Stab: Sleeping          |     2 |     1 ||     3
  Eat: Chunk             |     5 |    18 ||    23
Armor: Robe              |    21 |    26 ||    47
       Skin              |    19 |       ||    19
Dodge: Dodged            |    27 |    49 ||    76
